 Dungeon Crawl Stone Soup version 0.21-a0-496-g696f58f (webtiles) character file.

44 4thArraOfDagon the Chopper (level 3, 0/31 HPs)
             Began as a Hill Orc Monk on Nov 23, 2017.
             Succumbed to a gnoll's poison
             ... on level 2 of the Dungeon.
             The game lasted 00:01:54 (399 turns).

4thArraOfDagon the Chopper (Hill Orc Monk)           Turns: 399, Time: 00:01:55

Health: 0/31       AC:  6    Str: 13    XL:     3   Next: 62%
Magic:  3/3        EV:  9    Int: 11    God:
Gold:   102        SH:  0    Dex: 13    Spells: 2/2 levels left

rFire    . . .     SeeInvis .   a - +0 hand axe
rCold    . . .     Gourm    .   (no shield)
rNeg     . . .     Faith    .   e - +0 scale mail
rPois    .         Spirit   .   (no helmet)
rElec    .         Reflect  .   (no cloak)
rCorr    .         Harm     .   (no gloves)
MR       .....                  (no boots)
Stlth    ..........             (no amulet)
HPRegen  0.10/turn              (no ring)
MPRegen  0.08/turn              (no ring)

@: lethally poisoned (0 -> -3)
A: no striking features
a: no special abilities


You were on level 2 of the Dungeon.
You were not hungry.

You visited 1 branch of the dungeon, and saw 3 of its levels.

You collected 102 gold pieces.

Inventory:

Hand Weapons
 a - a +0 hand axe (weapon)
Armour
 b - a +0 robe
 e - a +0 scale mail (worn)
Scrolls
 d - 2 scrolls of remove curse {unknown}
 f - 2 scrolls of blinking {unknown}
 g - a scroll of enchant weapon {unknown}
Comestibles
 c - a bread ration


   Skills:
 - Level 3.6 Fighting
 * Level 6.0 Axes
 - Level 2.4 Dodging
 - Level 1.5 Stealth


You had 2 spell levels left.
You didn't know any spells.

Dungeon Overview and Level Annotations

Branches:
Dungeon (3/15)

Altars:
Sif Muna

Annotations:
D:3 4thArraOfDagon's ghost, weakling HOMo


Message History

You feel sick.
Unknown command.
The worm bites you but does no damage.
Unknown command.
A kobold comes into view. It is wielding a short sword.
The kobold shouts!
You feel sick.
You closely miss the kobold. You hit the gnoll.
The kobold hits you but does no damage. The gnoll hits you.
* * * LOW HITPOINT WARNING * * *
Unknown command.
Unknown command.
You feel sick.
Unknown command.
The kobold hits you with a short sword.
* * * LOW HITPOINT WARNING * * *
Unknown command.
Unknown command.
Unknown command.
You die...

## . ############
#.#..@.......#
#####.#K##.#.###.#
.......g...#.###.######
##.##g#w##g...##.##...
......#g##K#..##.##.###
#......##............#
####........######.#.##
# #%.####### #....#.#
..... #......#


You could see 2 gnolls and 2 kobolds.

Vanquished Creatures
  2 adders
  An ooze (D:2)
  A dart slug (D:1)
  3 orcs (D:3)
  A giant cockroach (D:1)
  A goblin (D:1)
  3 hobgoblins
  5 bats
  2 kobolds
  A rat (D:1)
20 creatures vanquished.

Notes
Turn   | Place    | Note
-------+----------+-------------------------------------------
     0 | D:1      | 4thArraOfDagon the Hill Orc Monk began the quest for the Orb.
     0 | D:1      | Reached XP level 1. HP: 19/19 MP: 1/1
    75 | D:1      | Reached XP level 2. HP: 17/26 MP: 2/2
   138 | D:2      | Found a deep blue altar of Sif Muna.
   220 | D:3      | Reached skill level 5 in Axes
   220 | D:3      | Reached XP level 3. HP: 8/31 MP: 3/3
   247 | D:3      | Noticed 4thArraOfDagon's ghost (weakling HOMo)
   362 | D:2      | Reached skill level 6 in Axes
   397 | D:2      | HP: 1/31 [kobold/short sword (4)]
   399 | D:2      | Succumbed to a gnoll's poison

Vault maps used:
D:1:      lightli_arrival_chessboard, minmay_split_cup_small
D:2:      nicolae_overflow_hidden_temple, dk_noncrumbling_2
D:3:      lemuel_round_altar, first_bread, minmay_misc_feat_roman,
          uniq_crazy_yiuf_cottage

Skill      XL: |  1  2  3 |
---------------+----------+-----
Axes           | 5 6 |  6.0
Fighting       | |  3.6
Dodging        | |  2.4
Stealth        | |  1.5

Action                   || total
-------------------------++-------
Melee: Hand axe          ||    63
  Use: Potion            ||     1
 Stab: Sleeping          ||     1
Armor: Robe              ||     9
       Scale mail        ||    14
Dodge: Dodged            ||    49

Table legend:
 A = Spawn XP
 B = Non-spawn XP
 C = Spawn XP percentage of total XP
 D = Spawn monster count
 E = Non-spawn monster count
 F = Spawn count percentage of total count
 G = Total turns spent on level
                    A         B        C        D         E        F      G
               +---------+---------+-------+---------+---------+-------+---------
         Total |       0 |      64 |   0.0 |       0 |      20 |   0.0 |   399
               +---------+---------+-------+---------+---------+-------+---------
           D:1 |       0 |      13 |   0.0 |       0 |       7 |   0.0 |   137
           D:2 |       0 |      28 |   0.0 |       0 |       7 |   0.0 |   226
           D:3 |       0 |      23 |   0.0 |       0 |       6 |   0.0 |    36
               +---------+---------+-------+---------+---------+-------+---------
